 Dungeon Crawl Stone Soup version 0.28-a0-312-gbced6e68ee (webtiles) character file.

Game seed: 9326235098405817542

36 Dirtsage the Changer (level 3, -22/23 HPs)
             Began as an Octopode Transmuter on Aug 30, 2021.
             Killed by an exploding Natasha (28 damage)
             ... ignited by their inner flame
             ... on level 2 of the Dungeon.
             The game lasted 00:03:57 (1307 turns).

Dirtsage the Changer (Octopode Transmuter)          Turns: 1307, Time: 00:03:57

Health: -22/23     AC:  5    Str: 10    XL:     3   Next: 37%
Magic:  5/6        EV: 13    Int: 15    God:
Gold:   13         SH:  0    Dex: 12    Spells: 0/6 levels left

rFire   . . .      SeeInvis .     - Unarmed
rCold   . . .      Faith    .   (no shield)
rNeg    . . .      Spirit   .   (helmet currently unavailable)
rPois   .          Reflect  .   (no amulet)
rElec   .          Harm     .   (no ring)
rCorr   .          Rampage  .   (no ring)
Will    .....                   (no ring)
Stlth   ++........              (no ring)
HPRegen 0.07/turn               (no ring)
MPRegen 0.10/turn               (no ring)
                                (no ring)
                                (no ring)

@: appendages, slowed, very slow
A: tentacle spike 3, almost no armour, amphibious, 8 rings, camouflage 1,
gelatinous body 1, (nimble swimmer 1), tentacles, iridescent scales 2
a: End Transformation


You were on level 2 of the Dungeon.
One of your tentacles had grown a beastly spike.
You visited 1 branch of the dungeon, and saw 2 of its levels.

You collected 13 gold pieces.


Innate Abilities, Weirdness & Mutations

One of your tentacles has grown a beastly spike.
You cannot wear most types of armour.
You are amphibious.
You can wear up to eight rings at the same time.
Your skin changes colour to match your surroundings (Stealth+).
Your rubbery body absorbs attacks. (AC +1, EV +1)
((You are camouflaged near water. (Stealth+)))
You have tentacles for arms and can constrict up to eight enemies at once.
You are mostly covered in iridescent scales. (AC +4)


   Skills:
 - Level 1.0 Fighting
 - Level 2.0 Dodging
 - Level 3.0 Unarmed Combat
 - Level 2.0 Spellcasting
 + Level 3.7 Transmutations
 * Level 0.1 Poison Magic


You couldn't memorise any spells.
You knew the following spells:

 Your Spells              Type           Power      Damage    Failure   Level
b - Beastly Appendage     Tmut           24%        N/A       4%          1
s - Spider Form           Tmut/Pois      3%         N/A       30%         3
w - Wereblood             Tmut           12%        N/A       8%          2

Your spell library contained the following spells:

 Spells                   Type           Power      Damage    Failure   Level
 Stone Arrow              Conj/Erth      2%         3d7       54%         3
 Ice Form                 Ice/Tmut       7%         N/A       71%         4
 Lehudib's Crystal Spear  Conj/Erth      0%         10d2      100%        8
 Animate Armour           Summ/Erth      Unusable   N/A       N/A         4

Inventory:

Missiles
 g - 16 stones
Armour
 e - a +2 hat (melded)
Scrolls
 f - a scroll of magic mapping {unknown}
Potions
 a - a potion of curing {unknown}
 b - a potion of berserk rage {unknown}
 c - 2 potions of might {unknown}

Dungeon Overview and Level Annotations

Branches:
Dungeon (2/15)

Altars:

...###.####.#
.....#..# ..
.##.....#### #
.##.##.....### ###
. #.###.##...# ..#
#.# #.####.###.#
#.#
#.####..##.#####
#.#
#.##.....#§§§..##
...
#.........@○§...#
#.
.#.........§§.....
..............(..#
.................#
.#...............#
#.......[.......#
##...........[..#
##.....#......J.


You could see an endoplasm (wandering, inner flame).


Message History

Natasha stares at you and mumbles some strange words.
You feel yourself slow down. The endoplasm hits you.
You tentacle-slap Natasha but do no damage.
Natasha is lightly wounded.
You constrict Natasha.
Natasha hisses.
Natasha mumbles some strange words.
The endoplasm freezes you.
You are frozen.
Natasha claws you!
* * * LOW HITPOINT WARNING * * *
You tentacle-slap Natasha.
Natasha is moderately wounded.
You constrict Natasha.
An endoplasm comes into view.
The endoplasm closely misses you.
Natasha mumbles some strange words.
You feel disoriented.
Natasha mumbles some strange words.
The endoplasm closely misses you.
As you read the scroll labelled IGUQUZ TEOX, it crumbles to dust.
The creatures around you are filled with an inner flame!
It was a scroll of immolation.
You constrict Natasha.
Flame seeps out of Natasha.
Natasha is engulfed in blazing flames.
Natasha yowls pathetically as she dies!
The crimson imp disappears in a puff of smoke! x2
Natasha explodes!
The fiery explosion engulfs the endoplasm!!!
The fiery explosion engulfs you!!
Ouch! That really hurt!
You die...

Skill      XL: |  1  2 |
---------------+-------+-----
Transmutations | 3 |  3.7
Fighting       | |  1.0
Dodging        | |  2.0
Unarmed Combat | |  3.0
Spellcasting   | |  2.0
Poison Magic   | |  0.1

Action                   || total
-------------------------++-------
Melee: Unarmed           ||    74
       Constrict         ||    21
       Kick              ||     7
       Tentacles         ||    10
       Punch             ||     1
 Cast: Beastly Appendage ||     8
       Wereblood         ||     2
  Use: Scroll            ||     2
       Potion            ||     1
 Stab: Sleeping          ||     5
Armor: Skin              ||     8
Dodge: Dodged            ||    55

Levels and vault maps discovered:
D:1:      lightli_arrival_lavapool, layout_basic, ebering_ecumenical_altar_rust
D:2:      layout_rooms, uniq_natasha

Notes
Turn   | Place    | Note
-------+----------+-------------------------------------------
     0 | D:1      | Dirtsage the Octopode Transmuter began the quest for the
                  | Orb.
     0 | D:1      | Reached XP level 1. HP: 13/13 MP: 3/3
   274 | D:1      | Reached XP level 2. HP: 17/18 MP: 3/5
   277 | D:1      | Learned a level 2 spell: Wereblood
   356 | D:1      | Reached skill level 3 in Transmutations
   770 | D:1      | Found a faded altar of an unknown god.
   814 | D:1      | Reached XP level 3. HP: 19/23 MP: 4/6
  1239 | D:2      | Gained mutation: You are partially covered in iridescent
                  | scales. (AC +2) [potion of mutation]
  1239 | D:2      | Gained mutation: You are mostly covered in iridescent
                  | scales. (AC +4) [potion of mutation]
  1280 | D:2      | Learned a level 3 spell: Spider Form
  1300 | D:2      | Noticed Natasha
  1307 | D:2      | Killed Natasha
  1307 | D:2      | Killed by an exploding Natasha... ignited by their inner
                  | flame

Vanquished Creatures
  Natasha (D:2)
  3 endoplasms
  A giant cockroach (D:1)
  2 goblins (D:1)
  2 hobgoblins (D:1)
  10 jackals
  A kobold (D:2)
  2 quokkas
  A ball python (D:1)
  2 bats (D:1)
  6 frilled lizards
  3 rats
34 creatures vanquished.

Table legend: (Time is in decaauts)
 A = Elapsed time spent in this place.
 B = Non-inter-level travel time spent in this place.
 C = Inter-level travel time spent in this place.
 D = Time resting spent in this place.
 E = Time spent auto-exploring this place.
 F = Levels seen in this place.
 G = Mean time per level.
                   A        B        C        D        E       F      G
               +--------+--------+--------+--------+--------+-----+--------+
         Total |   1303 |   1266 |     37 |      0 |   1039 |   2 |  651.5 |
       Dungeon |   1303 |   1266 |     37 |      0 |   1039 |   2 |  651.5 |
               +--------+--------+--------+--------+--------+-----+--------+

Top non-repeatable levels by time:
     D:1: 1097 daAuts
     D:2: 206 daAuts

Table legend:
 A = Non-vault XP
 B = Vault XP
 C = Vault XP percentage of total XP
 D = Non-vault monster count
 E = Vault monster count
 F = Vault count percentage of total count
                 A         B        C        D         E       F
            +---------+---------+-------+---------+---------+-------
      Total |      54 |      35 |  39.3 |      33 |       1 |   2.9
            +---------+---------+-------+---------+---------+-------
        D:1 |      36 |       0 |   0.0 |      23 |       0 |   0.0
        D:2 |      18 |      35 |  66.0 |      10 |       1 |   9.1
            +---------+---------+-------+---------+---------+-------
